cohdb
Replays
Latest Replays
All Replays
Popular Replays
Top Player Replays
Match Explorer
How It Works
Community
CoH3 Stats
Reddit
Sign in to upload your games and track your stats! →
Sign in with Steam
Match 28616034
Unlisted
Match 28616034
Overview
Messages
Build Orders
End
Construct Barracks
Selects Armored Battlegroup
Selects Veteran Crews
Riflemen Squad
Riflemen Squad
M1 Mortar Team
Mechanized Support Center
Engineer Squad
Selects Fast Deploy
Riflemen Squad
Construct Motor Pool
M8 Greyhound Armored Car
Friendly Mouse(Poxie)
gameing
Thank You Chef
Hipoapa
Loki
citizen
Bacon
jhclover
0
0
Comments
sign in to comment!
No comments posted yet!